 Dungeon Crawl Stone Soup version 0.28-a0-1415-g7c84da036a (webtiles) character file.

Game seed: 1640908688801113256

50 Hasart the Sneak (level 4, -1/24 HPs)
             Began as a Kobold Enchanter on Jan 7, 2022.
             Slain by a worm (6 damage)
             ... on level 2 of the Dungeon.
             The game lasted 00:02:03 (1523 turns).

Hasart the Sneak (Kobold Enchanter)                 Turns: 1523, Time: 00:02:04

Health: -1/24      AC:  2    Str:  5    XL:     4   Next: 4%
Magic:  7/7        EV: 15    Int: 18    God:
Gold:   84         SH:  0    Dex: 15    Spells: 6/8 levels left

rFire   . . .      SeeInvis .   l - +1 dagger (holy)
rCold   . . .      Faith    .   (no shield)
rNeg    . . .      Spirit   .   b - +0 robe
rPois   .          Reflect  .   (no helmet)
rElec   .          Harm     .   (no cloak)
rCorr   .          Rampage  .   (no gloves)
Will    .....                   (no boots)
Stlth   ++++......              (no amulet)
HPRegen 0.08/turn               (no ring)
MPRegen 0.10/turn               (no ring)

@: no status effects
A: small, no large weapons, nightstalker 3
a: no special abilities


You were on level 2 of the Dungeon.
You visited 1 branch of the dungeon, and saw 2 of its levels.

You collected 84 gold pieces.

Inventory:

Hand Weapons
 l - a +1 dagger of holy wrath (weapon)
Armour
 b - a +0 robe (worn)
Scrolls
 a - a scroll of enchant armour {unknown}
 d - 2 scrolls of torment {unknown}
 h - a scroll of holy word {unknown}
 i - a scroll of noise {unknown}
 o - a scroll of fog {unknown}
Potions
 c - a potion of invisibility
 e - 2 potions of haste {unknown}
 f - a potion of attraction {unknown}
 g - 2 potions of curing {unknown}
 j - a potion of might {unknown}
 k - a potion of cancellation {unknown}
 m - a potion of lignification {unknown}
 n - a potion of degeneration {unknown}


   Skills:
 + Level 2.1 Short Blades
 + Level 2.9 Dodging
 + Level 4.5 Stealth
 + Level 2.5 Spellcasting
 * Level 3.6 Hexes


You had 6 spell levels left.
You knew the following spells:

 Your Spells              Type           Power      Damage    Failure   Level
a - Ensorcelled Hibernat  Hex/Ice        16%        N/A       12%         2

Your spell library contained the following spells:

 Spells                   Type           Power      Damage    Failure   Level
 Confusing Touch          Hex            15%        N/A       12%         3
 Tukima's Dance           Hex            15%        N/A       12%         3
 Dazzling Flash           Conj/Hex       16%        N/A       24%         3


Dungeon Overview and Level Annotations

Branches:
Dungeon (2/15)

Altars:

Shops:
D:1 =


Innate Abilities, Weirdness & Mutations

You are small and have problems with some larger weapons.
You are completely attuned to the shadows.


Message History

You hit the worm.
The worm is lightly wounded.
The worm closely misses you.
You hit the worm.
The worm is moderately wounded.
You barely miss the worm.
The worm is moderately wounded.
The worm misses you.
You hit the worm.
The worm is moderately wounded.
You hit the worm. Your punch misses the worm.
The worm is heavily wounded.
The worm misses you.
You hit the worm.
The worm is heavily wounded.
You hit the worm.
The worm is heavily wounded.
The worm barely misses you.
You hit the worm.
The worm is heavily wounded.
You hit the worm.
The worm is severely wounded.
The worm completely misses you.
You hit the worm but do no damage.
The worm is severely wounded.
The worm bites you.
You hit the worm.
The worm is severely wounded.
You hit the worm.
The worm is almost dead.
The worm bites you!
* * * LOW HITPOINT WARNING * * *
You are too injured to fight recklessly!
You are too injured to fight recklessly!
You barely miss the worm.
The worm is severely wounded.
You hit the worm but do no damage.
The worm is severely wounded.
The worm bites you.
You die...

#.# #...>.#......#
#.# #.###.#†######
#.# #.# #.#.# #.##
#.# #.#.# ...#
#.###.#.# ...#
#.....#.# ...#
#######.# ...#
#######.# ...#######
###w@†....#
†..#.....#
#...#######
...#.....###..8)....
.†..................
..(......##...<...##
#.#.###............
#.#.# #.###.8 ..#.#
#.# ###.# #.#.


You could see a worm.

Vanquished Creatures
  An adder (D:2)
  A worm (D:2)
  2 dart slugs (D:2)
  A ball python (D:1)
  6 endoplasms
  A giant cockroach (D:2)
  A goblin (D:1)
  2 hobgoblins (D:2)
  2 jackals (D:2)
  A kobold (D:2)
  4 quokkas (D:1)
  6 bats
  A frilled lizard (D:1)
  3 rats
32 creatures vanquished.

Notes
Turn   | Place    | Note
-------+----------+-------------------------------------------
     0 | D:1      | Hasart the Kobold Enchanter began the quest for the Orb.
     0 | D:1      | Reached XP level 1. HP: 10/10 MP: 3/3
    47 | D:1      | Found Ahigeh's Jewellery Shop.
   169 | D:1      | Found a faded altar of an unknown god.
   205 | D:1      | Reached XP level 2. HP: 15/15 MP: 5/5
   208 | D:1      | Learned a level 2 spell: Ensorcelled Hibernation
  1052 | D:2      | Reached XP level 3. HP: 19/19 MP: 6/6
  1484 | D:2      | Reached XP level 4. HP: 16/24 MP: 7/7
  1523 | D:2      | Slain by a worm

Illustrated notes

Levels and vault maps discovered:
D:1:      heliophobic_arrival_battle_scene, layout_loops_cross,
          hellmonk_ecumenical_altar_pennies_from_heaven, serial_shops, shop,
          nrook_mini_backslash, hangedman_decor_diamond_cutter
D:2:      layout_basic, grunt_ministairs_1

Skill      XL: |  1  2  3 |
---------------+----------+-----
Short Blades   | 2 |  2.1
Dodging        | |  2.9
Stealth        | |  4.5
Spellcasting   | |  2.5
Hexes          | |  3.6

Action                   |  1- 3 |  4- 6 || total
-------------------------+-------+-------++-------
Melee: Dagger            |    67 |    14 ||    81
 Stab: Sleeping          |    23 |       ||    23
Armor: Robe              |    17 |       ||    17
Dodge: Dodged            |    38 |     5 ||    43

Table legend: (Time is in decaauts)
 A = Elapsed time spent in this place.
 B = Non-inter-level travel time spent in this place.
 C = Inter-level travel time spent in this place.
 D = Time resting spent in this place.
 E = Time spent auto-exploring this place.
 F = Levels seen in this place.
 G = Mean time per level.
                   A        B        C        D        E       F      G
               +--------+--------+--------+--------+--------+-----+--------+
         Total |   1517 |   1478 |     39 |      0 |   1212 |   2 |  758.5 |
       Dungeon |   1517 |   1478 |     39 |      0 |   1212 |   2 |  758.5 |
               +--------+--------+--------+--------+--------+-----+--------+

Top non-repeatable levels by time:
     D:1: 839 daAuts
     D:2: 677 daAuts
